 Dungeon Crawl Stone Soup version 0.28-a0-1406-ga8dd43b1d0 (webtiles) character file.

Game seed: 14406307425557829019

196317 Peloso the Hoplite (level 18, -7/120 HPs)
             Began as a Minotaur Fighter on Jan 5, 2022.
             Was the Champion of Okawaru.
             Killed by divine providence
             ... invoked by a smoke demon
              (14 damage)
             ... on level 3 of the Abyss on Jan 6, 2022.
             The game lasted 01:51:10 (39598 turns).

Peloso the Hoplite (Minotaur Fighter)              Turns: 39598, Time: 01:51:11

Health: -7/120     AC: 26    Str: 27 (28) XL:     18   Next: 15%
Magic:  18/18      EV:  7    Int:  4 (5)  God:    Okawaru [******]
Gold:   1702       SH: 18    Dex:  9      Spells: 17/17 levels left

rFire   . . .      SeeInvis .   o - +2 demon blade (vamp)
rCold   . . .      Faith    +   c - +3 kite shield {reflect}
rNeg    + + +      Spirit   .   d - +13 crystal plate armour of Diaroc {Regen+ Str+2 Int+4}
rPois   +          Reflect  +   z - -2 hat of Pandemonium {*Corrode rPois rN+++ Slay+5}
rElec   +          Harm     .   E - +0 cloak
rCorr   .          Rampage  .   p - +1 pair of gloves of Pride {rElec}
Will    ++...      Rage     3%  B - +0 pair of boots "Cotuon" {+Inv}
Stlth   ..........              C - amulet of faith
HPRegen 1.10/turn               D - ring of willpower
MPRegen 0.16/turn               (no ring)

@: corroded, studying Maces & Flails, unable to read
A: horns 2, retaliatory headbutt, [berserk 2], [clumsy 2], [deterioration 1],
[dopey 2], [frail 3], [no potion heal 2], [subdued magic 3], [inability to read
while threatened]
a: Renounce Religion, Evoke Invisibility, Heroism, Finesse, Duel


You were on level 3 of the Abyss.
You worshipped Okawaru.
Okawaru was exalted by your worship.
You visited 7 branches of the dungeon, and saw 30 of its levels.
You visited the Abyss 2 times.
You also visited: Ossuary, Bailey, Ice Cave and Volcano.

You collected 4831 gold pieces.
You spent 3129 gold pieces at shops.

Inventory:

Hand Weapons
 a - a +0 vorpal double sword
 b - a +4 demon blade of electrocution
 f - the +6 long sword of Lies {flame, *Rage rF+ Will+ Str+3}
   (Okawaru gifted it to you on level 1 of the Elven Halls)

   It burns those it strikes, dealing additional fire damage.
   Big, fiery blades are also staple armaments of hydra-hunters.
   Str:       It affects your strength (+3).
   rF:        It protects you from fire.
   *Rage:     It berserks you when you make melee attacks (+20% chance).
   Will:      It increases your willpower.
 o - a +2 vampiric demon blade (weapon)
 I - the +4 long sword of Twilight {speed, Fly Str+4}
   (You found it on level 1 of the Elven Halls)

   Attacks with this weapon are significantly faster.
   Str:       It affects your strength (+4).
   Fly:       It grants you flight.
Armour
 c - a +3 kite shield of reflection (worn)
 d - the +13 crystal plate armour of Diaroc (worn) {Regen+ Str+2 Int+4}
   (You bought it in a shop on level 13 of the Dungeon)

   Str:       It affects your strength (+2).
   Int:       It affects your intelligence (+4).
   Regen:     It increases your rate of health regeneration.
 p - the +1 pair of gloves of Pride (worn) {rElec}
   (Okawaru gifted it to you on level 13 of the Dungeon)

   rElec:     It insulates you from electricity.
 y - the +7 plate armour "Giruilui" {rPois rC+ Str+2}
   (Okawaru gifted it to you on level 2 of the Orcish Mines)

   Str:       It affects your strength (+2).
   rC:        It protects you from cold.
   rPois:     It protects you from poison.
 z - the -2 hat of Pandemonium (worn) {*Corrode rPois rN+++ Slay+5}
   (You found it on level 7 of the Dungeon)

   Slay:      It affects your accuracy & damage with ranged weapons and melee
   (+5).
   rPois:     It protects you from poison.
   rN:        It renders you almost immune to negative energy.
   *Corrode:  It may corrode you when you take damage.
 B - the +0 pair of boots "Cotuon" (worn) {+Inv}
   (Okawaru gifted it to you on level 3 of the Lair of Beasts)

   +Inv:      It lets you turn invisible.
 E - a +0 cloak (worn)
 N - +0 fire dragon scales
Jewellery
 g - a ring of positive energy
 r - a ring of willpower
 C - an amulet of faith (around neck)
 D - a ring of willpower (left hand)
 J - a ring of protection from cold
 K - a ring of see invisible
 O - the ring "Umoyrrum" {rElec rC+ rN++ Int+2 Dex-2}
   (You found it in an ice cave)

   [ring of protection from cold]

   Int:       It affects your intelligence (+2).
   Dex:       It affects your dexterity (-2).
   rC:        It protects you from cold.
   rElec:     It insulates you from electricity.
   rN:        It greatly protects you from negative energy.
 P - a ring of protection from fire
 S - a ring of protection from cold
Wands
 u - a wand of flame (4)
 Q - a wand of paralysis (4)
 X - a wand of digging (4)
Scrolls
 i - 7 scrolls of identify
 k - 3 scrolls of magic mapping
 l - 3 scrolls of silence
 n - 4 scrolls of noise
 s - a scroll of fog
 v - 6 scrolls of blinking
 w - 5 scrolls of fear
 A - 8 scrolls of teleportation
 F - 2 scrolls of acquirement
 H - 5 scrolls of amnesia
 M - 4 scrolls of immolation
Potions
 e - 2 potions of berserk rage
 h - a potion of flight
 j - 6 potions of haste
 m - 12 potions of heal wounds
 q - a potion of brilliance
 t - 2 potions of resistance
 x - 9 potions of curing
 G - 6 potions of might
Miscellaneous
 L - a tin of tremorstones (2/2)


   Skills:
 + Level 18.2 Fighting
 + Level 1.3(11.9) Short Blades
 + Level 19.6 Long Blades
 + Level 17.0 Armour
 + Level 6.1 Dodging
 + Level 2.5 Stealth
 + Level 23.2 Shields
 + Level 2.5 Invocations
 + Level 1.1 Evocations


You had 17 spell levels left.
You didn't know any spells.
Your spell library contained the following spells:

 Spells                   Type           Power      Damage    Failure   Level
 Apportation              Tloc           0%         N/A       100%        1
 Shock                    Conj/Air       0%         1d3       100%        1
 Slow                     Hex            0%         N/A       100%        1
 Sting                    Tmut/Pois      0%         1d3       100%        1
 Corpse Rot               Necr/Air       0%         N/A       100%        2
 Ensorcelled Hibernation  Hex/Ice        0%         N/A       100%        2
 Passwall                 Tmut/Erth      0%         N/A       100%        2
 Scorch                   Fire           0%         2d5       100%        2
 Static Discharge         Conj/Air       0%         N/A       100%        2
 Wereblood                Tmut           0%         N/A       100%        2
 Confusing Touch          Hex            0%         N/A       100%        3
 Conjure Flame            Conj/Fire      0%         6-21      100%        3
 Frozen Ramparts          Ice            0%         1d2       100%        3
 Gell's Gravitas          Tloc           0%         N/A       100%        3
 Ignite Poison            Fire/Tmut/Pois 0%         N/A       100%        3
 Lesser Beckoning         Tloc           0%         N/A       100%        3
 Ozocubu's Armour         Ice            0%         N/A       100%        3
 Portal Projectile        Hex/Tloc       0%         N/A       100%        3
 Stone Arrow              Conj/Erth      0%         3d7       100%        3
 Swiftness                Air            0%         N/A       100%        3
 Teleport Other           Tloc           0%         N/A       100%        3
 Vampiric Draining        Necr           0%         2d6       100%        3
 Airstrike                Air            0%         N/A       100%        4
 Dispel Undead            Necr           0%         3d6       100%        4
 Flame Wave               Conj/Fire      0%         2d4       100%        4
 Fulminant Prism          Conj/Hex       0%         3d6       100%        4
 Iskenderun's Mystic Bla  Conj/Tloc      0%         2d3       100%        4
 Sticky Flame             Conj/Fire      0%         2d3       100%        4
 Alistair's Intoxication  Tmut/Pois      0%         N/A       100%        5
 Borgnjor's Vile Clutch   Necr/Erth      0%         N/A       100%        5
 Lee's Rapid Deconstruct  Erth           0%         3d5*      100%        5
 Lightning Bolt           Conj/Air       0%         1d11      100%        5
 Silence                  Hex/Air        0%         N/A       100%        5
 Eringya's Noxious Bog    Tmut/Pois      0%         N/A       100%        6
 Ozocubu's Refrigeration  Ice            0%         4d5       100%        7
 Storm Form               Tmut/Air       0%         N/A       100%        7
 Lehudib's Crystal Spear  Conj/Erth      0%         10d2      100%        8
 Maxwell's Capacitive Co  Air            0%         ∞         100%        8
 Chain Lightning          Conj/Air       0%         N/A       100%        9
 Polar Vortex             Ice            0%         N/A       100%        9
 Animate Skeleton         Necr           Unusable   N/A       N/A         1
 Summon Small Mammal      Summ           Unusable   N/A       N/A         1
 Animate Armour           Summ/Erth      Unusable   N/A       N/A         4
 Death Channel            Necr           Unusable   N/A       N/A         6
 Simulacrum               Ice/Necr       Unusable   N/A       N/A         6
 Summon Cactus Giant      Summ           Unusable   N/A       N/A         6

Dungeon Overview and Level Annotations

Branches:
Dungeon (15/15)            Temple (1/1) D:7            Lair (6/6) D:9
  Snake (2/4) Lair:2       Spider (1/4) Lair:4        Slime (0/5) Lair:6
    Orc (2/2) D:12            Elf (3/3) Orc:2        Vaults (0/5) D:13
 Depths (0/4) D:15        Ossuary (visited)          Bailey (visited)
  IceCv (visited)         Volcano (visited)

Altars:
Ashenzari
Cheibriados
Dithmenos
Elyvilon
Fedhas
Gozag
Hepliaklqana
Kikubaaqudgha
Makhleb
Nemelex Xobeh
Okawaru
Qazlal
Ru
Sif Muna
Trog
Uskayaw
Vehumet
Wu Jian
Xom
Yredelemnul
Zin
The Shining One
Beogh
Jiyva

Shops:
D:10 [   D:13 [*=   D:14 (   Orc:2 =*![   Elf:2 *   Elf:3 !   Snake:2 =::[

Annotations:
D:13 armatura shop
Elf:2 3 runed translucent doors
Abyss:3 1 runed translucent door


Innate Abilities, Weirdness & Mutations

You have a pair of horns on your head.
You reflexively headbutt those who attack you in melee.
[You often lose your temper in combat.]
[You are very clumsy. (Dex -4)]
[Your body sometimes deteriorates upon taking damage.]
[You are very dopey. (Int -4)]
[You are extremely frail. (-30% HP)]
[Potions cannot restore your health.]
[Your spells are much easier to cast, but much less powerful.]
[You sometimes lose the ability to read scrolls when taking damage.]


Message History

You block the tentacled starspawn's attack.
The tentacled starspawn tentacle-slaps you but does no damage.
You block the starspawn tentacle's attack.
Unknown command.
You hit the tentacled starspawn.
You headbutt the tentacled starspawn, but do no damage.
The tentacled starspawn is almost destroyed.
The wretched star pulses with an eldritch light!
You feel stupid. x2
The starspawn tentacle grabs you. The starspawn tentacle constricts you.
The tentacled starspawn bites you.
* * * LOW HITPOINT WARNING * * *
The tentacled starspawn tentacle-slaps you but does no damage.
You slash the tentacled starspawn!
You destroy the tentacled starspawn!
Okawaru accepts your kill.
The starspawn tentacle loses its grip on you.
The starspawn's tentacles wither and die.
The wretched star pulses with an eldritch light!
Your system partially rejects the healing effects of potions.
Your system completely rejects the healing effects of potions.
Your connection to magic feels nearly dormant.
Your Armour skill increases to level 17!
Okay, then.
You hit the smoke demon but do no damage.
You headbutt the smoke demon!
The smoke demon is severely wounded.
Unknown command.
You barely miss the smoke demon.
You headbutt the smoke demon, but do no damage.
The smoke demon is severely wounded.
The smoke demon gestures at you. Something smites you!
You feel threatened and lose the ability to read scrolls!
* * * LOW HITPOINT WARNING * * *
You hit the smoke demon but do no damage.
The smoke demon is severely wounded.
The smoke demon gestures at you. Something smites you!
You die...

.# #. .(# #.
#.##.. ##
##..#. ###.# .
.... ...#
...#.[.##+#....
. . .....#3@#.#
# #. +$.)*...#
. .
+##'#'##.....#
..8
#.w#..#..#.#..
# #.8#. #.. ..#
.. . ..#.+##.#.
. #..'.
+....#/. #
..#.....#.###.
# . #.#.#. .#
...


You could see a wretched star and a smoke demon.

Vanquished Creatures
  A pearl dragon (Elf:1)
  Jorgrun (D:13)
  An Ice Fiend (IceCv)
  2 deep elf blademasters (Elf:3)
  3 liches (Elf:1)
  2 tentacled starspawn (Abyss:3)
  Kirke (D:12)
  4 deep elf sorcerers
  An angel (Abyss:3)
  2 deep elf elementalists (Elf:3)
  An orc warlord (Bailey)
  A deep elf demonologist (Elf:3)
  An entropy weaver (Spider:1)
  2 dire elephants
  Azrael (D:13)
  2 deep elf annihilators (Elf:3)
  2 deep elf death magi
  Snorg (D:13)
  A deep elf high priest (Elf:3)
  A fire dragon (Volcano)
  6 boulder beetles
  2 salamander tyrants (Snake:2)
  Erolcha (Orc:2)
  An ogre mage (Orc:2)
  2 vault guards (D:13)
  A caustic shrike simulacrum (IceCv)
  A naga warrior (Snake:2)
  3 hydras
  An anaconda (Snake:2)
  2 catoblepae
  3 centaur warriors
  A death knight (D:15)
  17 dancing weapons
  7 death yaks
  4 two-headed ogres
  A deep troll shaman (Lair:6)
  4 tengu warriors
  2 orc high priests
  2 naga sharpshooters
  Urug (D:13)
  A shock serpent (Snake:2)
  Sonja (Lair:3)
  10 deep elf knights
  Nergalle (D:12)
  2 salamander mystics (Snake:2)
  A wretched star (Abyss:3)
  A fire crab (Lair:6)
  3 pharaoh ants (Spider:1)
  7 sea snakes
  A naga ritualist (Snake:2)
  2 orb spiders (Spider:1)
  3 starcursed masses (Abyss:3)
  13 deep elf archers
  An obsidian statue (IceCv)
  A bog body (IceCv)
  A necromancer (D:15)
  8 spriggan simulacra (IceCv)
  Pikel (D:6)
  3 wizards
  16 deep elf pyromancers
  27 deep elf zephyrmancers
  A harpy (shapeshifter) (D:15)
  6 orc knights
  13 orc sorcerers
  3 mana vipers (Snake:2)
  8 ugly things
  2 wolf spiders (Spider:1)
  10 salamanders
  4 cyclopes
  An oklob plant (Lair:6)
  3 manticores
  19 elephants
  A torpor snail (Lair:3)
  15 black mambas
  2 naga magi (Snake:2)
  14 cane toads
  A cane toad (shapeshifter) (Elf:2)
  An ice statue (D:14)
  A redback zombie (D:15)
  2 efreet
  7 demonic crawlers (Spider:1)
  An unseen horror (D:12)
  2 kobold demonologists (D:12)
  5 freezing wraiths
  4 tengu conjurers
  3 rime drakes
  12 komodo dragons
  5 entropy weaver simulacra (IceCv)
  2 golden dragon simulacra (IceCv)
  9 ice devils (IceCv)
  An anaconda simulacrum (IceCv)
  7 trolls
  An ancient zyme (Abyss:3)
  A meliai (shapeshifter) (Elf:1)
  9 meliai
  3 polar bears
  Grinder (D:5)
  A tarantella (shapeshifter) (Elf:1)
  3 large abominations (Abyss:3)
  2 raiju (Abyss:3)
  9 tarantellas (Spider:1)
  11 blink frogs
  8 air elementals
  A spriggan (Lair:4)
  4 culicivoras (Spider:1)
  A water elemental (Elf:1)
  A shadow (D:9)
  6 wraiths
  2 dire elephant simulacra (IceCv)
  49 yaks
  7 fire bats (Volcano)
  10 wyverns
  6 jumping spiders
  A vampire (D:13)
  7 hogs
  2 hogs (shapeshifter)
  5 minotaur simulacra (IceCv)
  3 basilisks
  7 fire elementals
  15 redbacks
  A chaos spawn (Abyss:3)
  9 humans (D:13)
  4 steam dragons
  6 vampire mosquitoes
  8 wargs (Orc:1)
  2 harpy simulacra (IceCv)
  3 acid dragons
  3 hell hounds (D:13)
  18 nagas
  13 water moccasins
  2 hydra simulacra (IceCv)
  2 hornet zombies
  A sky beast (D:5)
  2 black bears (Lair:6)
  2 alligator simulacra (IceCv)
  An ice beast (D:5)
  29 orc warriors
  A necrophage (D:5)
  An ettin simulacrum (IceCv)
  9 ogres
  11 wolves
  A phantom (D:5)
  15 centaurs
  A lemure (D:6)
  2 kobold brigands (D:12)
  2 earth elementals (Elf:1)
  2 elf zombies (D:7)
  13 bullfrogs
  2 deep troll simulacra (IceCv)
  2 scorpions
  A water moccasin zombie (D:7)
  10 killer bees (D:9)
  A lindwurm simulacrum (IceCv)
  10 wights
  6 electric eels
  2 howler monkeys
  A lava snake (Lair:5)
  2 centaur zombies
  A crimson imp (Spider:1)
  4 hounds
  4 centaur skeletons
  4 human zombies
  14 orc priests
  2 jellies (Lair:6)
  Crazy Yiuf (D:5)
  An iguana (D:6)
  Natasha (thrice) (D:3)
  3 human skeletons (D:7)
  40 orc wizards
  A hound skeleton (D:5)
  A hound zombie (Ossuary)
  4 mummies (Ossuary)
  3 gnolls (D:4)
  2 howler monkey zombies
  8 adders
  A white imp (D:8)
  2 ufetubi
  3 adder zombies (Ossuary)
  3 dart slugs (D:1)
  104 orcs
  5 bats
  8 endoplasms
  3 giant cockroaches
  12 goblins
  7 hobgoblins
  2 jackals (D:3)
  A quokka (D:3)
  6 ball pythons
  A frilled lizard (D:3)
  2 jackal zombies (Ossuary)
  17 kobolds
  6 orc zombies
  3 rats
  2 rat zombies (Ossuary)
  A bush (Lair:1)
1024 creatures vanquished.

Vanquished Creatures (others)
  3 deep elf knights
  2 deep elf pyromancers (Elf:1)
  A wyvern (Volcano)
  A human (D:13)
  An orc (Orc:2)
  28 fungi
  75 plants
  11 starspawn tentacles (Abyss:3)
122 creatures vanquished.

Grand Total: 1146 creatures vanquished

Notes
Turn   | Place    | Note
-------+----------+-------------------------------------------
     0 | D:1      | Peloso the Minotaur Fighter began the quest for the Orb.
     0 | D:1      | Reached XP level 1. HP: 19/19 MP: 0/0
    52 | D:1      | Found a faded altar of an unknown god.
   362 | D:1      | Reached XP level 2. HP: 27/27 MP: 1/1
  1084 | D:2      | Reached skill level 4 in Shields
  1084 | D:2      | Reached XP level 3. HP: 30/33 MP: 2/2
  2380 | D:3      | Reached XP level 4. HP: 40/40 MP: 3/3
  2529 | D:3      | Reached skill level 5 in Armour
  2529 | D:3      | Reached XP level 5. HP: 17/47 MP: 4/4
  2832 | D:3      | Noticed Natasha
  2835 | D:3      | Killed Natasha
  2861 | D:3      | Reached skill level 5 in Shields
  2968 | D:3      | Noticed Natasha
  2972 | D:3      | Killed Natasha
  3197 | D:3      | Noticed Natasha
  3206 | D:3      | Killed Natasha
  3207 | D:3      | Reached XP level 6. HP: 36/53 MP: 5/5
  3468 | D:4      | Reached skill level 1 in Dodging
  3842 | D:4      | Reached skill level 5 in Long Blades
  4227 | D:4      | Found a burning altar of Makhleb.
  4227 | D:4      | Found an opulent altar of Gozag.
  4414 | D:5      | Entered Level 5 of the Dungeon
  4483 | D:5      | Noticed an ice beast
  4496 | D:5      | Killed an ice beast
  4497 | D:5      | Reached skill level 5 in Fighting
  4497 | D:5      | Reached XP level 7. HP: 43/61 MP: 6/6
  4672 | D:5      | Noticed a +0 dagger
  4673 | D:5      | Noticed a +0 dagger
  4676 | D:5      | Found a hide-covered altar of Uskayaw.
  4878 | D:5      | Reached skill level 6 in Shields
  5160 | D:5      | Noticed Grinder
  5183 | D:5      | Killed Grinder
  5184 | D:5      | Reached XP level 8. HP: 46/70 MP: 7/7
  5556 | D:5      | Found a runed translucent door.
  5557 | D:5      | Noticed Crazy Yiuf
  5569 | D:5      | Killed Crazy Yiuf
  5878 | D:6      | Reached skill level 7 in Shields
  6290 | D:6      | Noticed Pikel
  6311 | D:6      | Killed Pikel
  6312 | D:6      | Reached skill level 1 in Stealth
  6312 | D:6      | Reached XP level 9. HP: 31/78 MP: 8/8
  6324 | D:6      | Reached skill level 8 in Shields
  7059 | D:7      | Noticed a troll
  7071 | D:7      | Killed a troll
  7086 | D:7      | Found a staircase to the Ecumenical Temple.
  7274 | D:7      | Reached skill level 10 in Long Blades
  7301 | D:7      | Reached skill level 9 in Shields
  7313 | D:7      | Found a sand-covered staircase.
  7320 | Ossuary  | Entered an ossuary
  7809 | Temple   | Entered the Ecumenical Temple
  7870 | Temple   | Became a worshipper of Warmaster Okawaru
  7953 | D:7      | Found the +18 Lear's hauberk
  7981 | D:7      | Got the -2 hat of Pandemonium {*Corrode rPois rN+++ Slay+5}
  8329 | D:8      | Reached XP level 10. HP: 82/88 MP: 9/9
  8945 | D:9      | Found a snail-covered altar of Cheibriados.
  9163 | D:9      | Reached * piety under Okawaru
  9297 | D:9      | Found a staircase to the Lair.
  9366 | D:9      | Noticed a boulder beetle
  9408 | D:9      | Killed a boulder beetle
  9409 | D:9      | Reached skill level 10 in Shields
 10001 | D:9      | Noticed a catoblepas
 10004 | D:9      | Noticed a boulder beetle
 10019 | D:9      | Killed a catoblepas
 10019 | D:9      | Reached ** piety under Okawaru
 10060 | D:9      | Reached skill level 1 in Invocations
 10099 | D:9      | Killed a boulder beetle
 10302 | D:9      | Reached *** piety under Okawaru
 10406 | D:9      | Reached skill level 11 in Shields
 10732 | D:9      | Reached XP level 11. HP: 86/97 MP: 11/11
 10806 | D:9      | Noticed a centaur warrior
 10830 | D:9      | Killed a centaur warrior
 10835 | D:9      | Noticed a purple ugly thing
 10836 | D:9      | Noticed a purple ugly thing
 10855 | D:9      | Killed a purple ugly thing
 10855 | D:9      | Reached **** piety under Okawaru
 10859 | D:9      | Killed a cyan ugly thing
 11118 | D:10     | Entered Level 10 of the Dungeon
 11165 | D:10     | Noticed a tengu warrior
 11176 | D:10     | Killed a tengu warrior
 11231 | D:10     | Found a flagged portal.
 11248 | Bailey   | Entered a bailey
 11260 | Bailey   | Noticed an orc warlord
 11347 | Bailey   | Noticed an orc knight
 11350 | Bailey   | Noticed an orc knight
 11380 | Bailey   | Killed an orc knight
 11396 | Bailey   | Killed an orc knight
 11397 | Bailey   | Reached skill level 12 in Shields
 11761 | Bailey   | Found a runed translucent gate.
 11763 | Bailey   | Found a runed translucent gate.
 11765 | Bailey   | Found a runed translucent gate.
 11889 | Bailey   | Killed an orc warlord
 11890 | Bailey   | Reached skill level 10 in Armour
 11907 | Bailey   | Acquired a +1 vampiric demon blade
 12162 | D:10     | Noticed a wizard
 12175 | D:10     | Reached ***** piety under Okawaru
 12178 | D:10     | Noticed a deep elf zephyrmancer
 12182 | D:10     | Killed a wizard
 12190 | D:10     | Killed a deep elf zephyrmancer
 12207 | D:10     | Got Yriebb's Catalogue of Sand
 12212 | D:10     | Noticed a deep elf zephyrmancer
 12236 | D:10     | Got Naan's Papyrus of Axaxaxas mlö
 12340 | D:10     | Got Ts'ui Pên's Incunabulum of Forking Paths
 12403 | D:10     | Found Gawousur's Antique Armour Shoppe.
 12843 | D:11     | Noticed a deep elf pyromancer
 12853 | D:11     | Killed a deep elf pyromancer
 12854 | D:11     | Reached skill level 10 in Fighting
 13312 | Lair:1   | Entered Level 1 of the Lair of Beasts
 13321 | Lair:1   | Received a gift from Okawaru
 13322 | Lair:1   | Reached XP level 12. HP: 106/106 MP: 12/12
 13441 | Lair:1   | Reached skill level 13 in Shields
 14338 | Lair:2   | Received a gift from Okawaru
 14363 | Lair:2   | Received a gift from Okawaru
 14363 | Lair:2   | Found the +5 sword of Power {vorpal}
 14695 | Lair:2   | Reached ****** piety under Okawaru
 14857 | Lair:2   | Noticed a six-headed hydra
 14880 | Lair:2   | Killed an eight-headed hydra
 14880 | Lair:2   | Received a gift from Okawaru
 14881 | Lair:2   | Reached skill level 14 in Shields
 15179 | Lair:2   | Found a staircase to the Snake Pit.
 15271 | Lair:2   | Reached skill level 1 in Short Blades
 15906 | Lair:3   | Noticed Sonja
 15919 | Lair:3   | Killed Sonja
 16317 | Lair:3   | Reached skill level 15 in Long Blades
 16317 | Lair:3   | Reached XP level 13. HP: 117/117 MP: 13/13
 16459 | Lair:3   | Identified the +0 pair of boots "Cotuon" {+Inv} (Okawaru
                  | gifted it to you on level 3 of the Lair of Beasts)
 16459 | Lair:3   | Received a gift from Okawaru
 16544 | Lair:3   | Found a transporter.
 16545 | Lair:3   | Found a transporter.
 17132 | Lair:4   | Found a dark tunnel.
 17150 | Volcano  | Entered a volcano
 17205 | Volcano  | Reached skill level 15 in Shields
 17424 | Volcano  | Noticed a fire dragon
 17448 | Volcano  | Killed a fire dragon
 17908 | Lair:4   | Found a hole to the Spider Nest.
 18103 | Lair:4   | Received a gift from Okawaru
 18109 | Lair:4   | Reached skill level 16 in Shields
 18128 | Lair:4   | Reached skill level 5 in Dodging
 18677 | Lair:4   | Noticed a dire elephant
 18699 | Lair:4   | Killed a dire elephant
 18699 | Lair:4   | Identified the +0 scale mail of Eleagoto {rElec Str+4}
                  | (Okawaru gifted it to you on level 4 of the Lair of Beasts)
 18699 | Lair:4   | Received a gift from Okawaru
 18707 | Lair:4   | Reached XP level 14. HP: 129/129 MP: 14/14
 19102 | D:12     | Noticed Nergalle
 19116 | D:12     | Killed Nergalle
 19162 | D:12     | Identified the +10 short sword of the Lurker {vorpal, rPois
                  | rF- Int+3 Dex+2}
 19261 | D:12     | Found a staircase to the Orcish Mines.
 19505 | D:12     | Noticed Kirke
 19584 | D:12     | Killed Kirke
 19639 | D:12     | Reached skill level 17 in Shields
 19763 | D:12     | Identified the +0 rapier of Moderation {elec, rN+ rCorr
                  | Str+5}
 20168 | Orc:1    | Entered Level 1 of the Orcish Mines
 20450 | Orc:1    | Found an iron altar of Okawaru.
 20490 | Orc:1    | Received a gift from Okawaru
 21007 | Orc:2    | Entered Level 2 of the Orcish Mines
 21007 | Orc:2    | Found a staircase to the Elven Halls.
 21099 | Orc:2    | Found Natin's CLEARANCE SALE!.
 21540 | Orc:2    | Paralysed by an orc sorcerer for 7 turns
 21730 | Orc:2    | Identified the +7 plate armour "Giruilui" {rPois rC+ Str+2}
                  | (Okawaru gifted it to you on level 2 of the Orcish Mines)
 21730 | Orc:2    | Received a gift from Okawaru
 21924 | Orc:2    | Found Usmoroxa's Distillery.
 21931 | Orc:2    | Bought a potion of curing for 39 gold pieces
 21945 | Orc:2    | Found a radiant altar of Vehumet.
 21945 | Orc:2    | Noticed Erolcha
 21955 | Orc:2    | Reached skill level 18 in Shields
 21966 | Orc:2    | Killed Erolcha
 21978 | Orc:2    | Found Vetz's Magic Scroll Boutique.
 22010 | Orc:2    | Found an ancient bone altar of Kikubaaqudgha.
 22140 | Orc:2    | Found Qazaylao's Antique Armour Shop.
 22173 | Orc:2    | Found Ysucuiq's Jewellery Shop.
 22469 | D:13     | Found Tigu's Assorted Antiques.
 22643 | D:13     | Noticed Urug
 22653 | D:13     | Killed Urug
 22705 | D:13     | Noticed Snorg
 22708 | D:13     | Found Weloet's Antique Armour Emporium.
 22715 | D:13     | Killed Snorg
 22740 | D:13     | Noticed Jorgrun
 22759 | D:13     | Killed Jorgrun
 23214 | D:13     | Noticed Azrael
 23256 | D:13     | Killed Azrael
 23256 | D:13     | Identified the +1 pair of gloves of Pride {rElec} (Okawaru
                  | gifted it to you on level 13 of the Dungeon)
 23256 | D:13     | Received a gift from Okawaru
 23667 | D:13     | Found Jedici's Jewellery Shop.
 23770 | D:13     | Reached XP level 15. HP: 138/138 MP: 15/15
 23860 | D:13     | Found a gate to the Vaults.
 24334 | Lair:5   | Identified the amulet "Tepaumau" {RegenMP Slay+6}
 25246 | Lair:6   | Entered Level 6 of the Lair of Beasts
 25513 | Lair:6   | Reached skill level 19 in Shields
 26088 | Lair:6   | Found a radiant altar of Vehumet.
 26140 | Lair:6   | Found a runed translucent door.
 26140 | Lair:6   | Found a viscous altar of Jiyva.
 26179 | Lair:6   | Identified the +8 scimitar "Zeblumaj" {vorpal, +Blink}
                  | (Okawaru gifted it to you on level 6 of the Lair of Beasts)
 26179 | Lair:6   | Received a gift from Okawaru
 26231 | Lair:6   | Found a staircase to the Slime Pits.
 27239 | D:13     | Acquired 799 gold pieces
 27244 | D:13     | Bought a polished crystal plate armour for 2720 gold pieces
 27244 | D:13     | Identified the +13 crystal plate armour of Diaroc {Regen+
                  | Str+2 Int+4} (You bought it in a shop on level 13 of the
                  | Dungeon)
 27385 | D:14     | Found a frozen archway.
 27398 | IceCv    | Entered an ice cave
 27847 | IceCv    | Reached skill level 15 in Fighting
 27975 | IceCv    | Received a gift from Okawaru
 29370 | IceCv    | Noticed an Ice Fiend
 29381 | IceCv    | Killed an Ice Fiend
 29611 | IceCv    | Identified the ring "Umoyrrum" {rElec rC+ rN++ Int+2 Dex-2}
 30002 | D:14     | Identified the +7 mace "Zevvukh" {vorpal, Stlth+} (Okawaru
                  | gifted it to you on level 14 of the Dungeon)
 30002 | D:14     | Received a gift from Okawaru
 30044 | D:14     | Reached skill level 20 in Shields
 30195 | D:14     | Found Jedok's Weapon Boutique.
 30365 | D:14     | Reached XP level 16. HP: 145/149 MP: 16/16
 30410 | D:14     | Identified the +1 leather armour of Somewhere Else {Harm
                  | Stlth+}
 30885 | D:15     | Entered Level 15 of the Dungeon
 30986 | D:15     | Identified the +0 pair of gloves of Okawaru's Condemnation
                  | {rC+} (Okawaru gifted it to you on level 15 of the Dungeon)
 30986 | D:15     | Received a gift from Okawaru
 31168 | D:15     | Found a glowing golden altar of the Shining One.
 31461 | D:15     | Found a staircase to the Depths.
 32186 | Lair:6   | Upgraded the game from 0.28-a0-1396-gdcb3f3653b to
                  | 0.28-a0-1406-ga8dd43b1d0
 32270 | Snake:1  | Entered Level 1 of the Snake Pit
 32395 | Snake:1  | Reached skill level 1 in Evocations
 33332 | Snake:2  | Reached skill level 15 in Armour
 34068 | Snake:2  | Received a gift from Okawaru
 34090 | Snake:2  | Reached skill level 21 in Shields
 34123 | Snake:2  | Found Alisavaw's Antique Armour Boutique.
 34153 | Snake:2  | Bought a pair of faintly glowing boots for 370 gold pieces
 34153 | Snake:2  | Identified the +3 pair of boots "Voususs" {Str-2 Int+6}
                  | (You bought it in a shop on level 2 of the Snake Pit)
 34345 | Snake:2  | Found Xucloh Xehoa's Jewellery Boutique.
 34345 | Snake:2  | Found Cisingen's Book Shoppe.
 34346 | Snake:2  | Found Ofidip's Book Shoppe.
 34897 | Spider:1 | Entered Level 1 of the Spider Nest
 35182 | Spider:1 | Identified the +1 robe of the Blind Marksman {Harm rC+}
                  | (Okawaru gifted it to you on level 1 of the Spider Nest)
 35182 | Spider:1 | Received a gift from Okawaru
 35399 | Spider:1 | HP: 2/152 [disintegration (58)]
 36023 | Elf:1    | Entered Level 1 of the Elven Halls
 36123 | Elf:1    | Reached XP level 17. HP: 160/160 MP: 17/17
 36155 | Elf:1    | Noticed a lich
 36159 | Elf:1    | Noticed a lich
 36168 | Elf:1    | Killed a lich
 36177 | Elf:1    | Killed a lich
 36180 | Elf:1    | Noticed a lich
 36193 | Elf:1    | Killed a lich
 36194 | Elf:1    | Reached skill level 22 in Shields
 36600 | Elf:1    | Received a gift from Okawaru
 36613 | Elf:1    | Noticed a pearl dragon
 36628 | Elf:1    | Killed a pearl dragon
 36721 | Elf:1    | Got the Grimoire of the Snowflakes
 36729 | Elf:1    | Identified the +1 ring mail of the Tarantula {rElec Int-2
                  | Stlth+}
 36737 | Elf:1    | Identified the +4 long sword of Twilight {speed, Fly Str+4}
 36890 | Elf:1    | Paralysed by an air elemental for 1 turns
 36943 | Elf:1    | Identified the +6 long sword of Lies {flame, *Rage rF+
                  | Will+ Str+3} (Okawaru gifted it to you on level 1 of the
                  | Elven Halls)
 36943 | Elf:1    | Received a gift from Okawaru
 37198 | Elf:1    | Paralysed by an air elemental for 1 turns
 37761 | Elf:2    | Found Uvus's Overcharged Wands.
 37885 | Elf:2    | Identified the +3 triple sword "Hiem" {vorpal, Stlth+}
                  | (Okawaru gifted it to you on level 2 of the Elven Halls)
 37885 | Elf:2    | Received a gift from Okawaru
 37903 | Elf:2    | Identified the +4 ring mail "Ohac" {Rampage rN+}
 37960 | Elf:2    | Found a runed translucent gate.
 37960 | Elf:2    | Found a runed translucent gate.
 37977 | Elf:2    | Found a runed translucent gate.
 38263 | Elf:3    | Entered Level 3 of the Elven Halls
 38313 | Elf:3    | Found Joemm's Distillery.
 38530 | Elf:3    | Noticed a deep elf blademaster
 38554 | Elf:3    | Killed a deep elf blademaster
 38555 | Elf:3    | Reached skill level 23 in Shields
 38628 | Elf:3    | Noticed a deep elf blademaster
 38668 | Elf:3    | Killed a deep elf blademaster
 38668 | Elf:3    | Identified the +0 scale mail of Vodghire {Drain rC+ rCorr}
                  | (Okawaru gifted it to you on level 3 of the Elven Halls)
 38668 | Elf:3    | Received a gift from Okawaru
 38680 | Elf:3    | Reached XP level 18. HP: 99/172 MP: 18/18
 38811 | Elf:3    | Noticed a Hell Sentinel
 38812 | Elf:3    | Noticed a Hell Sentinel
 38876 | Elf:3    | Cast into level 3 of the Abyss (a deep elf sorcerer)
 39002 | Abyss:3  | Found a corrupted altar of Lugonu.
 39078 | Elf:3    | Escaped the Abyss
 39466 | Elf:3    | Cast into level 3 of the Abyss (a deep elf sorcerer)
 39467 | Abyss:3  | Found a corrupted altar of Lugonu.
 39509 | Abyss:3  | Found a runed translucent door.
 39541 | Abyss:3  | Got the Volume of the Many Runes
 39597 | Abyss:3  | HP: 6/120 [smoke demon/divine providence (17)]
 39598 | Abyss:3  | Killed from afar by a smoke demon

Illustrated notes

Levels and vault maps discovered:
D:1:      lightli_arrival_isolated_outpost, layout_basic,
          ebering_ecumenical_altar_box, minmay_pentomino_z2
D:2:      layout_basic, serial_co_window_serial, co_window_paths_a,
          co_window_paths_b, co_window_of_opportunity_a, co_window_corner_a,
          co_window_of_opportunity_a, co_window_paths_a, co_window_paths_a,
          co_window_paths_b, co_window_corner_a, co_window_cross_3,
          co_window_2corner, co_window_cross_2, co_window_broadway_a,
          co_window_corner_b, co_window_of_opportunity_c, co_window_paths_d,
          glass_columns_a, glass_columns_a, glass_columns_b,
          minmay_fountain_box, st_stairs_8, minmay_misc_feat_pillars,
          chequers_serial_rivers_room_b
D:3:      layout_basic, hangedman_decor_growths, uniq_natasha
D:4:      layout_basic, minitemple
D:5:      layout_loops_ring, dancing_weapons_uskayaw, uniq_grinder,
          uniq_crazy_yiuf_cottage
D:6:      layout_loops_ring, uniq_pikel
D:7:      layout_cave_pools, minmay_temple_entry_arrows,
          nicolae_ossuary_entry_catacombs, hellmonk_guarded_unrand_lears
D:8:      layout_rooms
D:9:      nzn_winding_woodlands_medium [nzn_winding_woodlands_5x5_open_star,
          nzn_winding_woodlands_5x15_garden,
          nzn_winding_woodlands_5x5_perimeter,
          nzn_winding_woodlands_5x5_checkerboard,
          nzn_winding_woodlands_center_triple_pond,
          nzn_winding_woodlands_hourglass,
          nzn_winding_woodlands_5x5_closed_star,
          nzn_winding_woodlands_5x15_river_crossing,
          nzn_winding_woodlands_5x5_cross], layout_layer_cave,
          mainiacjoe_overflow_brackets, dpeg_oklobed_lair
D:10:     layout_basic, serial_shops, nicolae_square_shop, enter_bailey_3,
          bh_hangedman_babel_library
D:11:     layout_gridville, lemuel_nasty_fountain
D:12:     layout_irregular_city, hiddenorc2_lemuel, uniq_nergalle, uniq_kirke
D:13:     layout_basic, ximxim_vaults_locker_room, serial_shops, shop_fountains,
          shop, nicolae_shop_crystal, uniq_azrael, uniq_urug, uniq_snorg,
          uniq_jorgrun
D:14:     layout_grid_maze, serial_shops, nicolae_shop_bloodbath_and_beyond,
          portal_ice_cave_entry_ice_statue_one, roderic_lattice_octagonal_star,
          minivault_1
D:15:     grunt_enter_depths_magical_seal, layout_basic, tso_metal_star
Temple:   compressed_dpeg_circular_temple
Lair:1:   layout_roguey, cheibrodos_lair_caveside_slide, beast_lair_carwin_8
Lair:2:   layout_layer_cave, minmay_snake_entry_guardpost_medium,
          lemuel_fruit_fields
Lair:3:   gammafunk_boulding_lane, layout_small_grid, uniq_sonja
Lair:4:   mu_elephants_graveyard, layout_small_grid, spider_nest_entry_a,
          nicolae_volcano_entry_lava_flow
Lair:5:   layout_gridlike, lemuel_another_geyser
Lair:6:   grunt_lair_end_beastmaster, layout_regular_city, slime_altar_2,
          basic_altar, lemuel_fruit_tree, serial_bayou_shore_b
Snake:1:  layout_layer_cave, guppyfry_snake_island
Snake:2:  layout_grid_shapes, serial_bayou, serial_bayou_ford_a,
          serial_bayou_pond_d, serial_bayou_pond_a, serial_bayou_lagoon_a,
          serial_shops, shop_coins, grunt_megastairs_2, minmay_shop_grove
Spider:1: layout_spider_delve, nicolae_crawler_farm
Orc:1:    cheibrodos_orc_guarddog, layout_caves, basic_altar,
          okawaru_metal_pillars_1_2
Orc:2:    kennysheep_orc_mage_school, layout_caves, nicolae_shop_clearance
Elf:1:    minmay_the_grid_net [minmay_the_grid_rooms, minmay_the_grid_tri_star,
          minmay_the_grid_spin_star, minmay_the_grid_dragon_b,
          minmay_the_grid_minigrid_medium,
          minmay_the_grid_prize_four_corners_diamond_b], layout_gridlike,
          evilmike_minifort
Elf:2:    nicolae_elf_blades_splatter_lattice [nicolae_blade_entry_pointy_end],
          layout_rooms, nicolae_shop_overcharged_wands
Elf:3:    nooodl_elf_gasket, layout_geoelf_diagonals, serial_shops, shop,
          serial_glass, glass_columns_c, glass_columns_a
Abyss:3:  base: Lair:6, minivault_1, minivault_1, nicolae_abyss_rune_star_stuff,
          base: Spider:1, minivault_25, hangedman_abyss_shoalhut,
          evilmike_nicolae_abyss_rune_betentacled_crabyss, minivault_13,
          hangedman_abyss_shoalhut, minivault_13, evilmike_abyss_exit_16,
          grunt_abyss_rune_wretched_hive

Skill      XL: |  1  2  3  4  5  6  7  8  9 10 11 12 13 14 15 16 17 18 |
---------------+-------------------------------------------------------+-----
Armour         | 4 5 6 7 8 9 10 11 12 13 14 15 16 17 | 17.0
Fighting       | 4 5 6 7 9 10 11 13 14 15 16 18 | 18.2
Shields        | 4 5 6 7 9 11 12 14 16 18 20 21 23 | 23.2
Long Blades    | 3 4 5 7 9 10 12 13 15 16 17 18 19 | 19.6
Dodging        | 1 2 4 5 6 |  6.1
Stealth        | 1 2 |  2.5
Invocations    | 1 2 |  2.5
Short Blades   | 1 |  1.3
Evocations     | 1 |  1.1

Action                   |  1- 3 |  4- 6 |  7- 9 | 10-12 | 13-15 | 16-18 || total
-------------------------+-------+-------+-------+-------+-------+-------++-------
Melee: Long sword        |    75 |   129 |   383 |   368 |       |       ||   955
       Headbutt          |    15 |    23 |    82 |   182 |   416 |   322 ||  1040
       Demon blade       |       |       |       |   361 |  1628 |  1266 ||  3255
       Dagger            |       |       |       |    11 |       |       ||    11
       Scimitar          |       |       |       |       |     4 |     8 ||    12
Invok: Heroism           |       |       |       |     7 |     3 |     7 ||    17
Evoke: Wand              |       |       |       |     7 |     1 |     4 ||    12
  Use: Scroll            |       |       |     5 |    12 |    16 |     6 ||    39
       Potion            |       |       |     1 |     2 |     2 |     7 ||    12
 Stab: Invisible         |       |       |     2 |       |       |       ||     2
       Petrified         |       |       |       |       |     8 |       ||     8
       Petrifying        |       |       |       |       |     4 |       ||     4
       Distracted        |       |       |       |       |     1 |       ||     1
Armor: Plate armour      |    49 |    78 |   125 |       |   250 |       ||   502
       Scale mail        |     1 |       |       |       |       |       ||     1
       Chain mail        |       |       |    19 |   349 |   454 |       ||   822
       Crystal plate arm |       |       |       |       |    60 |   699 ||   759
Dodge: Dodged            |    21 |    38 |    60 |   213 |   431 |   248 ||  1011
Block: Buckler           |    28 |    76 |   172 |   184 |       |       ||   460
       Reflection        |       |     1 |     2 |    24 |    24 |    65 ||   116
       Kite shield       |       |       |       |   407 |  1276 |  1084 ||  2767

Table legend: (Time is in decaauts)
 A = Elapsed time spent in this place.
 B = Non-inter-level travel time spent in this place.
 C = Inter-level travel time spent in this place.
 D = Time resting spent in this place.
 E = Time spent auto-exploring this place.
 F = Levels seen in this place.
 G = Mean time per level.
                   A        B        C        D        E       F      G
               +--------+--------+--------+--------+--------+-----+--------+
         Total |  38417 |  36065 |   2352 |   1249 |  24732 |  36 | 1067.1 |
       Dungeon |  17171 |  16138 |   1033 |    280 |  12389 |  15 | 1144.7 |
        Temple |     72 |     72 |      0 |      0 |     39 |   1 |   72.0 |
          Lair |   8276 |   7418 |    858 |      0 |   5245 |   6 | 1379.3 |
     Snake Pit |   2327 |   2189 |    138 |     88 |   1647 |   2 | 1163.5 |
   Spider Nest |    782 |    752 |     30 |     75 |    382 |   1 |  782.0 |
  Orcish Mines |   2181 |   2112 |     69 |    260 |   1239 |   2 | 1090.5 |
   Elven Halls |   3044 |   2822 |    222 |    226 |   1439 |   3 | 1014.7 |
         Abyss |    294 |    294 |      0 |      0 |    121 |   2 |  147.0 |
       Ossuary |    311 |    311 |      0 |      0 |    195 |   1 |  311.0 |
        Bailey |    855 |    855 |      0 |    320 |    183 |   1 |  855.0 |
      Ice Cave |   2460 |   2460 |      0 |      0 |   1542 |   1 | 2460.0 |
       Volcano |    639 |    639 |      0 |      0 |    310 |   1 |  639.0 |
               +--------+--------+--------+--------+--------+-----+--------+

Top non-repeatable levels by time:
   IceCv: 2460 daAuts
     D:9: 2423 daAuts
    D:13: 1823 daAuts
  Lair:1: 1796 daAuts
  Lair:2: 1697 daAuts
   Elf:1: 1444 daAuts
  Lair:6: 1429 daAuts
     D:6: 1395 daAuts
 Snake:2: 1259 daAuts
  Lair:3: 1255 daAuts
     D:5: 1224 daAuts
   Orc:1: 1162 daAuts
     D:2: 1157 daAuts
     D:3: 1131 daAuts
     D:4: 1121 daAuts
